 Dungeon Crawl Stone Soup version 0.28-a0-657-g71136c5590 (webtiles) character file.

Game seed: 16683867414701148530

2068 snetch the Magician (level 9, -5/57 HPs)
             Began as a Djinni Fire Elementalist on Oct 13, 2021.
             Was a High Priest of Ru.
             Slain by a wraith (11 damage)
             ... on level 5 of the Dungeon.
             The game lasted 00:31:43 (8755 turns).

snetch the Magician (Djinni Fire Elementalist)      Turns: 8755, Time: 00:31:43

Health: -5/57      AC:  8    Str:  7    XL:     9   Next: 50%
Gold:   291        EV: 12    Int: 19    God:    Ru [*****.] SH:  6 Dex: 15

rFire   + . .      SeeInvis .   a - +2 spear (vorpal)
rCold   x . .      Faith    .   v - +2 buckler
rNeg    . . .      Spirit   .   z - +2 leather armour {rF+}
rPois   ∞          Reflect  .   (no helmet)
rElec   .          Harm     .   J - +2 cloak
rCorr   .          Rampage  .   (no gloves)
Will    .....                   (boots unavailable)
Stlth   +.........              (no amulet)
HPRegen 0.19/turn               t - ring of ice
MPRegen 0.00/turn               (no ring)

@: lit by a corona, flying, slowed, glowing, very slow
A: sickness immunity, fire resistance 2, cold vulnerability 1, hated by all,
weak-willed 1, temperature sensitive, float, innate caster, hp casting, extra
vitality 1
a: Renounce Religion, Draw Out Power, Power Leap, Apocalypse


You were on level 5 of the Dungeon.
You worshipped Ru.
Ru was extremely pleased with you.
You visited 1 branch of the dungeon, and saw 6 of its levels.
You also visited: Sewer.

You collected 291 gold pieces.

Inventory:

Hand Weapons
 a - a +2 vorpal spear (weapon)
 b - a +1 whip of venom
 u - a +5 vampiric scythe
 y - a +2 vorpal long sword
 I - a +3 quarterstaff of chaos
 N - a +1 short sword of speed
 O - a +3 dagger of venom
Missiles
 e - 43 poisoned darts
 f - 528 stones
 j - 37 sling bullets
 k - 93 arrows
 p - 20 bolts
 w - 4 curare-tipped darts
Armour
 c - a +2 ring mail of cold resistance
 v - a +2 buckler (worn)
 z - a +2 leather armour of fire resistance (worn)
 J - a +2 cloak (worn)
Jewellery
 t - a ring of ice (left hand)
 E - a ring of willpower
Wands
 r - a wand of paralysis (7)
 K - a wand of mindburst (12)
Scrolls
 g - 2 scrolls of enchant weapon {unknown}
 i - a scroll of vulnerability {unknown}
 l - 2 scrolls of noise {unknown}
 m - 4 scrolls of identify {unknown}
 o - a scroll of summoning {unknown}
 s - 7 scrolls of teleportation {unknown}
 A - a scroll of acquirement {unknown}
 B - a scroll of fog {unknown}
 F - 2 scrolls of immolation {unknown}
 M - 2 scrolls of enchant armour {unknown}
Potions
 d - 4 potions of might {unknown}
 h - 2 potions of brilliance {unknown}
 n - a potion of lignification {unknown}
 q - 3 potions of curing {unknown}
 x - 5 potions of invisibility {unknown}
 C - 2 potions of heal wounds {unknown}
 D - a potion of ambrosia {unknown}
 G - a potion of berserk rage {unknown}
 H - a potion of haste {unknown}
 L - 3 potions of mutation {unknown}


   Skills:
 + Level 1.3 Fighting
 + Level 4.0 Armour
 + Level 4.0 Dodging
 + Level 3.3 Stealth
 + Level 2.4 Shields
 + Level 7.7 Spellcasting


You had 2 spell levels left.
You knew the following spells:

 Your Spells              Type           Power      Damage    Failure   Level
a - Foxfire               Conj/Fire      100%       2x1d9     1%          1
b - Scorch                Fire           72%        2d9       1%          2
c - Conjure Flame         Conj/Fire      36%        6-21      1%          3
d - Inner Flame           Hex/Fire       36%        N/A       1%          3
e - Flame Wave            Conj/Fire      36%        3d8       7%          4
f - Magic Dart            Conj           100%       1d8       1%          1
g - Passwall              Tmut/Erth      30%        N/A       1%          2
h - Ensorcelled Hibernat  Hex/Ice        100%       N/A       1%          2
i - Stone Arrow           Conj/Erth      72%        3d11      1%          3
Your spell library was empty.

Dungeon Overview and Level Annotations

Branches:
Dungeon (6/15)             Temple (0/1) D:6           Sewer (visited)

Altars:
Ru


Innate Abilities, Weirdness & Mutations

You are immune to sickness and miasma.
You are immune to poison.
Your flesh is very heat resistant. (rF++)
You are vulnerable to cold. (rC-)
You are hated by all.
You are slightly weak-willed. (Will-)
You are sensitive to extremes of temperature. (rF-, rC-)
You float through the air rather than walking.
You learn spells naturally, not from books.
Your magical power is your life essence.
You have superior vitality. (+4 HP)


Message History

The iguana is heavily wounded.
The wraith hits you. The wraith drains your vigour!
You feel yourself slow down. The iguana closely misses you.
You conjure some foxfire!
The wraith hits you. The wraith drains your vigour!
You feel as though you will be slow longer.
You block the iguana's attack. The wraith hits you!
* * * LOW HITPOINT WARNING * * *
You are too injured to fight recklessly!
Unknown command.
Casting: Foxfire (safe; 1% risk of failure)
Confirm with . or Enter, or press ? or * to list all spells.
Casting: Flame Wave (dangerous; 7% risk of failure)
Press: ? - help, Dir - look around, f - activate A wave of flame ripples out!
The flame wave engulfs the wraith!
The wraith is moderately damaged.
The flame wave engulfs your foxfire.
Your foxfire completely resists.
The flame wave engulfs the iguana!
You kill the iguana!
The flame wave engulfs your foxfire.
Your foxfire completely resists.
The flame wave engulfs the gnoll shaman!
The gnoll shaman is severely wounded. (Press . to intensify the flame waves.)
* * * LOW HITPOINT WARNING * * *
The foxfire hits the wraith but does no damage.
The wraith is moderately damaged.
The foxfire hits the gnoll shaman.
You kill the gnoll shaman!
The gnoll barely misses you. You block the wraith's attack.
The gnoll hits you from afar with a +0 scythe.
* * * LOW HITPOINT WARNING * * *
Unknown command.
A wave of flame ripples out!
The flame wave engulfs the wraith!
The wraith is heavily damaged.
The flame wave engulfs the gnoll!
You kill the gnoll!
* * * LOW HITPOINT WARNING * * *
The wraith hits you!
You die...

.##....#.# #...... .......#.# ##
#...... ##.......# ###. #......
.....##..###...##### #......
.....W.....#......^# #......
Z######............#########.....
.....#Wl.##.#....................
.....#h.....#...§§.# ###....<..
......l..#......@..#####.........
.g..>##........W†).).....##......
S....<...####...).###### #......
.....#.### ###.g.....# ##.....
.......# ####.####.#######....
..g[.########....# #..>.....####
......†..gZ.gg#### ########.#
........####### #... ##...##.#
###...


You could see a wraith and a gnoll.

Vanquished Creatures
  Sigmund (D:3)
  A water moccasin (D:5)
  2 black bears (D:6)
  An ice beast (D:5)
  2 ogres (D:6)
  A centaur (D:6)
  A kobold brigand (D:4)
  A scorpion (D:6)
  A wyvern skeleton (D:6)
  A howler monkey (D:6)
  A bullfrog zombie (D:6)
  5 orc priests
  2 jellies
  A gnoll shaman (D:5)
  A hound (D:5)
  Crazy Yiuf (D:4)
  A bullfrog skeleton (D:5)
  Ijyb (D:3)
  5 iguanas
  An orc wizard (D:4)
  23 gnolls
  6 river rats (Sewer)
  10 adders
  An ufetubus (D:2)
  6 worms
  5 dart slugs
  17 orcs
  6 endoplasms
  2 giant cockroaches
  4 goblins
  15 hobgoblins
  3 jackals (D:3)
  3 quokkas
  10 ball pythons
  2 bats
  7 frilled lizards
  62 kobolds
  22 rats
235 creatures vanquished.

Vanquished Creatures (others)
  825 foxfires
825 creatures vanquished.

Grand Total: 1060 creatures vanquished

Notes
Turn   | Place    | Note
-------+----------+-------------------------------------------
     0 | D:1      | snetch the Djinni Fire Elementalist began the quest for the
                  | Orb.
     0 | D:1      | Reached XP level 1. HP: 15/15 MP: 0/0
   354 | D:1      | Reached XP level 2. HP: 10/21 MP: 0/0
   951 | D:2      | Reached skill level 3 in Spellcasting
  1391 | D:1      | Reached XP level 3. HP: 22/25 MP: 0/0
  1391 | D:1      | Learned a level 1 spell: Magic Dart
  1482 | D:2      | Found a faded altar of an unknown god.
  1486 | D:2      | Prayed at the altar of an unknown god.
  1486 | D:2      | Became a worshipper of Ru the Awakened
  1497 | D:2      | Gained mutation: You are sensitive to extremes of
                  | temperature. (rF-, rC-) [Ru sacrifice]
  1497 | D:2      | Reached * piety under Ru
  1497 | D:2      | Reached ** piety under Ru
  1502 | D:2      | Reached XP level 4. HP: 29/31 MP: 0/0
  2356 | D:2      | Reached XP level 5. HP: 28/35 MP: 0/0
  2356 | D:2      | Learned a level 2 spell: Passwall
  2471 | D:3      | Noticed Ijyb
  2471 | D:3      | Paralysed by Ijyb for 4 turns
  2485 | D:3      | Killed Ijyb
  3126 | D:2      | Reached skill level 4 in Spellcasting
  3518 | D:3      | Noticed Sigmund
  3526 | D:3      | Killed Sigmund
  3527 | D:3      | Reached skill level 1 in Armour
  3527 | D:3      | Reached XP level 6. HP: 33/41 MP: 0/0
  3650 | D:4      | Reached XP level 7. HP: 37/46 MP: 0/0
  3650 | D:4      | Learned a level 2 spell: Ensorcelled Hibernation
  4572 | D:5      | Entered Level 5 of the Dungeon
  4670 | D:4      | Reached skill level 5 in Spellcasting
  4677 | D:4      | Gained mutation: You are hated by all. [Ru sacrifice]
  4677 | D:4      | Reached *** piety under Ru
  4677 | D:4      | Reached **** piety under Ru
  4968 | D:5      | Reached skill level 1 in Shields
  5753 | D:4      | Reached XP level 8. HP: 26/51 MP: 0/0
  6038 | D:4      | Reached skill level 1 in Fighting
  6905 | D:4      | Found a runed translucent door.
  6906 | D:4      | Noticed Crazy Yiuf
  6922 | D:4      | Killed Crazy Yiuf
  7176 | D:6      | Found a staircase to the Ecumenical Temple.
  7181 | D:6      | Reached skill level 6 in Spellcasting
  7249 | D:5      | Noticed a wraith
  7276 | D:5      | Reached XP level 9. HP: 15/57 MP: 0/0
  7276 | D:5      | Learned a level 3 spell: Stone Arrow
  7303 | D:6      | Reached skill level 7 in Spellcasting
  7310 | D:6      | Gained mutation: You are slightly weak-willed. (Will-) [Ru
                  | sacrifice]
  7310 | D:6      | Reached ***** piety under Ru
  7428 | D:6      | Found a glowing drain.
  7435 | Sewer    | Entered a sewer
  8755 | D:5      | Slain by a wraith

Illustrated notes

Levels and vault maps discovered:
D:1:      dpeg_arrival_another_circle, layout_basic, serial_curves,
          eino_curves_01, eino_curves_02, minmay_misc_feat_five
D:2:      kennysheep_six_static_rooms, layout_loops_ring,
          hellmonk_ecumenical_altar_leap_of_faith
D:3:      wander_river, layout_loops_ring, uniq_ijyb, uniq_sigmund
D:4:      minmay_goblin_kobold_castle, layout_cave_pools,
          uniq_crazy_yiuf_cottage
D:5:      layout_rooms
D:6:      layout_cave_pools, mainiacjoe_overflow_surrounded_room,
          minmay_temple_entry_steel_oval, gup_sewer_entry_bubbles,
          lightli_orcish_oven, uniq_maggie

Skill      XL: |  1  2  3  4  5  6  7  8  9 |
---------------+----------------------------+-----
Spellcasting   | 3 4 5 6 7 |  7.7
Stealth        | 2 3 |  3.3
Armour         | 1 2 3 4 |  4.0
Dodging        | 3 4 |  4.0
Shields        | 1 2 |  2.4
Fighting       | 1 |  1.3

Action                   |  1- 3 |  4- 6 |  7- 9 || total
-------------------------+-------+-------+-------++-------
Melee: Short sword       |     1 |     2 |       ||     3
       Spear             |       |       |    28 ||    28
 Cast: Foxfire           |    34 |    91 |   355 ||   480
       Scorch            |     5 |    10 |    21 ||    36
       Passwall          |       |     2 |       ||     2
       Ensorcelled Hiber |       |       |     1 ||     1
       Flame Wave        |       |       |     3 ||     3
Invok: Sacrifice Resista |     1 |       |       ||     1
       Sacrifice Love    |       |       |     1 ||     1
       Draw Out Power    |       |       |     3 ||     3
       Sacrifice Essence |       |       |     1 ||     1
 Stab: Sleeping          |     1 |       |     1 ||     2
Armor: Robe              |     1 |       |       ||     1
       Leather armour    |       |     4 |    12 ||    16
       Ring mail         |       |     1 |    12 ||    13
Dodge: Dodged            |     7 |    26 |    56 ||    89
Block: Buckler           |     4 |     6 |    39 ||    49

Table legend: (Time is in decaauts)
 A = Elapsed time spent in this place.
 B = Non-inter-level travel time spent in this place.
 C = Inter-level travel time spent in this place.
 D = Time resting spent in this place.
 E = Time spent auto-exploring this place.
 F = Levels seen in this place.
 G = Mean time per level.
                   A        B        C        D        E       F      G
               +--------+--------+--------+--------+--------+-----+--------+
         Total |   8774 |   8560 |    214 |    533 |   6010 |   7 | 1253.4 |
       Dungeon |   7604 |   7390 |    214 |    351 |   5272 |   6 | 1267.3 |
         Sewer |   1169 |   1169 |      0 |    182 |    738 |   1 | 1169.0 |
               +--------+--------+--------+--------+--------+-----+--------+

Top non-repeatable levels by time:
     D:4: 2765 daAuts
     D:2: 1698 daAuts
     D:1: 1690 daAuts
   Sewer: 1169 daAuts
     D:3: 996 daAuts
     D:6: 313 daAuts
     D:5: 141 daAuts
